AoeStats
← Morrig4n4692

Arena

509986530Analyzed
1v1 RM · 4d ago on Sep 28, 2026· 87m 41s· 2 players
Game mode
Random Map
Map size
Tiny (2 player)
Population
200
Speed
Normal
Resources
Standard
Victory
Conquest
Starting age
Dark Age
Ending age
Imperial Age
RankedLock teamsTeams togetherTeam positionsShared explorationLock speedFull tech treeHidden civsTurbo modeCheats
Victory
Defeat
🇺🇸 Cumans · United States
1154
+26
🇧🇷 Cumans · Brazil
1125
-15
theoschuler
8:48 Feudal Age
9:41 Double-Bit Axe
9:38 Horse Collar
11:32 Loom
20:09 Castle Age
19:30 Wheelbarrow
21:49 Forging
21:45 Scale Barding Armor
22:01 Heavy Plow
22:13 Bow Saw
23:35 Iron Casting
24:57 Chain Barding Armor
25:11 Capped Ram
26:22 Bloodlines
25:33 Light Cavalry
30:03 Imperial Age
27:19 Town Watch
30:36 Steppe Husbandry
30:08 Hussar
31:24 Plate Barding Armor
31:50 Blast Furnace
31:17 Hand Cart
31:22 Cavalier
33:08 Conscription
34:14 Padded Archer Armor
34:03 Elite Skirmisher
35:40 Leather Archer Armor
35:15 Fletching
36:38 Chemistry
36:36 Ballistics
37:52 Ring Archer Armor
39:48 Bodkin Arrow
44:13 Two-Man Saw
43:51 Crop Rotation
48:43 Masonry
48:15 Siege Ram
48:45 Paladin
55:48 Murder Holes
57:18 Guilds
56:55 Pikeman
57:36 Squires
57:37 Scale Mail Armor
59:13 Halberdier
60:35 Chain Mail Armor
62:21 Plate Mail Armor
Morrig4n4692
3:06 Loom
10:28 Feudal Age
17:26 Castle Age
17:07 Wheelbarrow
16:49 Double-Bit Axe
18:02 Horse Collar
21:00 Hand Cart
21:32 Heavy Plow
22:16 Bow Saw
22:43 Stone Mining
23:36 Fletching
25:32 Ballistics
30:18 Imperial Age
28:01 Bodkin Arrow
28:31 Padded Archer Armor
30:29 Elite Kipchak
32:25 Leather Archer Armor
33:17 Chemistry
32:58 Conscription
34:58 Two-Man Saw
34:31 Crop Rotation
35:17 Ring Archer Armor
35:44 Bloodlines
44:43 Light Cavalry
45:33 Scale Barding Armor
45:39 Forging
47:00 Chain Barding Armor
46:02 Hussar
47:57 Iron Casting
47:59 Gold Mining
51:41 Gold Shaft Mining
56:50 Blast Furnace
56:26 Plate Barding Armor
65:12 Town Watch
65:32 Scale Mail Armor
64:55 Pikeman
65:35 Squires
65:21 Arson
66:09 Town Patrol
70:11 Halberdier
Connection lost

Rejoining the realm…

Still unreachable

The connection could not be restored.

Session expired

The server has moved on; the page needs a fresh start.